 Dungeon Crawl Stone Soup version 0.23-a0-49-gd9f7a49668 (webtiles) character file.

2352 Ablot the Magician (level 9, -2/69 HPs)
             Began as a Gnoll Skald on Aug 7, 2018.
             Was a Follower of Cheibriados.
             Slain by a wolf (10 damage)
             ... led by Grum
             ... on level 8 of the Dungeon.
             The game lasted 00:26:52 (6255 turns).

Ablot the Magician (Gnoll Skald)                    Turns: 6255, Time: 00:26:52

Health: -2/69      AC:  6    Str: 17    XL:     9   Next: 43%
Magic:  12/18      EV: 15    Int: 21    God:    Cheibriados [*.....]
Gold:   368        SH:  0    Dex: 21    Spells: 10/21 levels left

rFire    . . .     SeeInvis .   a - +1 spear
rCold    . . .     Gourm    .   (no shield)
rNeg     . . .     Faith    .   J - +0 ring mail of Decompression {+Fly rCorr Int+3}
rPois    .         Spirit   .   (no helmet)
rElec    .         Reflect  .   (no cloak)
rCorr    +         Harm     .   (no gloves)
MR       +....                  (no boots)
Stlth    ++........             H - amulet of regeneration
HPRegen  0.61/turn              h - ring of protection from magic
MPRegen  0.16/turn              K - +3 ring of dexterity

@: very slow
A: distributed training, fangs 1, strong nose
a: Bend Time, Renounce Religion, Evoke Flight


You were on level 8 of the Dungeon.
You worshipped Cheibriados.
Cheibriados was aware of your devotion.
You were hungry.

You visited 2 branches of the dungeon, and saw 9 of its levels.
You also visited: Sewer.

You collected 368 gold pieces.

Inventory:

Hand Weapons
 a - a +1 spear (weapon)
 f - a +1 dagger of holy wrath
Missiles
 b - 80 arrows
 m - 60 sling bullets
 r - 14 bolts
 x - 194 stones (quivered)
Armour
 A - a +0 ring mail of fire resistance
 E - a +0 troll leather armour {Purgy}
 J - the +0 ring mail of Decompression (worn) {+Fly rCorr Int+3}
   (You found it on level 5 of the Dungeon)

   It affects your intelligence (+3).
   It lets you fly.
   It provides partial protection from all sources of acid and corrosion.
Jewellery
 h - a ring of protection from magic (left hand)
 l - an uncursed amulet of the gourmand
 u - an uncursed ring of flight
 H - an amulet of regeneration (around neck)
 K - a +3 ring of dexterity (right hand)
Wands
 z - a wand of digging (13)
Scrolls
 c - 5 scrolls of remove curse
 e - 2 scrolls of magic mapping
 k - 5 scrolls of fear
 n - a scroll of identify
 o - 3 scrolls of enchant armour {unknown}
 y - 6 scrolls of teleportation
 F - a scroll of fog {unknown}
 G - a scroll of blinking {unknown}
 I - a scroll of random uselessness {unknown}
Potions
 i - 3 potions of flight
 j - a potion of magic
 p - a potion of cancellation
 s - 4 potions of curing
 t - a potion of invisibility
 v - a potion of haste
 w - 2 potions of resistance
 C - a potion of berserk rage
 D - a potion of mutation
Comestibles
 d - 15 rations


   Skills:
 + Level 6.2 Fighting
 + Level 4.1 Short Blades
 + Level 4.1 Long Blades
 + Level 4.1 Axes
 + Level 4.1 Maces & Flails
 + Level 6.2 Polearms
 + Level 4.1 Staves
 + Level 4.1 Slings
 + Level 4.1 Bows
 + Level 4.1 Crossbows
 + Level 4.1 Throwing
 + Level 5.0 Armour
 + Level 6.2 Dodging
 + Level 4.1 Stealth
 + Level 4.1 Shields
 + Level 4.1 Unarmed Combat
 + Level 6.6 Spellcasting
 + Level 3.4 Conjurations
 + Level 3.4 Hexes
 + Level 6.5 Charms
 + Level 3.4 Summonings
 + Level 3.4 Necromancy
 + Level 3.4 Translocations
 + Level 3.4 Transmutations
 + Level 3.4 Fire Magic
 + Level 3.4 Ice Magic
 + Level 3.4 Air Magic
 + Level 3.4 Earth Magic
 + Level 3.4 Poison Magic
 + Level 4.6 Invocations
 + Level 4.1 Evocations


You had 10 spell levels left.
You knew the following spells:

 Your Spells              Type           Power        Failure   Level  Hunger
a - Infusion              Chrm           ####         1%          1    None
b - Song of Slaying       Chrm           ####....     1%          2    None
c - Shroud of Golubria    Chrm/Tloc      ####......   3%          2    None
d - Regeneration          Chrm/Necr      ####......   6%          3    #......
e - Spectral Weapon       Hex/Chrm       ####....     6%          3    #......

Your spell library contained the following spells:

 Spells                   Type           Power        Failure   Level  Hunger


Dungeon Overview and Level Annotations

Branches:
Dungeon (8/15)             Temple (1/1) D:6
   Lair: D:8-11

Altars:
Ashenzari
Cheibriados
Dithmenos
Elyvilon
Fedhas
Gozag
Hepliaklqana
Kikubaaqudgha
Makhleb
Nemelex Xobeh
Okawaru
Qazlal
Ru
Sif Muna
Trog
Uskayaw
Vehumet
Wu Jian
Xom
Yredelemnul
Zin
The Shining One

Annotations:
D:8 Grum


Innate Abilities, Weirdness & Mutations

Your experience applies equally to all skills.
You have very sharp teeth.
Your uncanny sense of smell can sniff out nearby items.


Message History

Your spectral weapon hits the wolf from afar.
Your shroud bends the wolf's attack away.
Grum hits you from afar with an enchanted halberd!
The wolf misses you.
Attack whom?
Press: ? - help, Dir - move target cursor, f/p - Grum
Aim: Grum, wielding an enchanted halberd and wearing an animal skin (moderately wounded)
The wolf is in the way.
You hit the wolf.
The wolf is moderately wounded.
Your spectral weapon misses the wolf.
The wolf bites you.
Your shroud falls apart!
Grum hits you from afar with an enchanted halberd!!
* * * LOW HITPOINT WARNING * * *
Attack whom?
Press: ? - help, Dir - move target cursor, f/p - Grum
Aim: Grum, wielding an enchanted halberd and wearing an animal skin (moderately wounded)
You reach to attack!
You hit Grum.
Grum is moderately wounded.
The wolf bites you!
You die...

∆ ######.#.##.#
+........##.#
######.####.# #+#
#......# #.#
#..###.#
#.#########..#
###
#.#..........#
#(#.########.#
#@#.# #.# ∆ #h#.#
#.#
####g#.########.#
#...h......... .#
#.##.#.######. .#
.. #.#.# .# #.
#.#.. # #.###.
#.# #.


You could see Grum, 2 wolves and a friendly spectral spear.

Vanquished Creatures
  Joseph (D:7)
  Grinder (D:3)
  Menkaure (D:7)
  Purgy (Sewer)
  An orc warrior (D:7)
  2 ice beasts
  An ogre (D:6)
  A sky beast (D:6)
  A centaur (D:7)
  A bullfrog (D:7)
  3 scorpions
  2 crimson imps (D:7)
  2 bullfrog zombies
  4 orc priests
  3 hounds
  5 orc wizards
  A bullfrog skeleton (D:5)
  3 worker ants
  2 hound skeletons
  A worker ant zombie (D:6)
  8 gnolls
  4 adders
  2 river rats (D:5)
  A shadow imp (D:6)
  An adder skeleton (D:6)
  2 worms
  3 dart slugs
  A leopard gecko (D:7)
  17 orcs
  4 ball pythons
  8 giant cockroaches
  8 goblins
  6 hobgoblins
  20 jackals
  7 kobolds
  A quokka (D:3)
  10 bats
  12 frilled lizards
  10 rats
162 creatures vanquished.

Vanquished Creatures (others)
  2 spectral weapons (D:7)
2 creatures vanquished.

Grand Total: 164 creatures vanquished

Notes
Turn   | Place    | Note
-------+----------+-------------------------------------------
     0 | D:1      | Ablot the Gnoll Skald began the quest for the Orb.
     0 | D:1      | Reached XP level 1. HP: 20/20 MP: 6/6
    86 | D:1      | Reached XP level 2. HP: 19/26 MP: 4/7
   106 | D:1      | Learned a level 2 spell: Song of Slaying
   109 | D:1      | Learned a level 2 spell: Shroud of Golubria
   295 | D:1      | Reached XP level 3. HP: 23/31 MP: 9/9
   350 | D:1      | Reached skill level 5 in Spellcasting
   613 | D:2      | Learned a level 3 spell: Regeneration
   617 | D:2      | Learned a level 3 spell: Spectral Weapon
   776 | D:2      | Reached skill level 1 in Invocations
   826 | D:2      | Reached skill level 1 in Short Blades
   826 | D:2      | Reached skill level 1 in Long Blades
   826 | D:2      | Reached skill level 1 in Axes
   826 | D:2      | Reached skill level 1 in Maces & Flails
   826 | D:2      | Reached skill level 1 in Staves
   826 | D:2      | Reached skill level 1 in Slings
   826 | D:2      | Reached skill level 1 in Bows
   826 | D:2      | Reached skill level 1 in Crossbows
   826 | D:2      | Reached skill level 1 in Throwing
   826 | D:2      | Reached skill level 1 in Stealth
   826 | D:2      | Reached skill level 1 in Shields
   826 | D:2      | Reached skill level 1 in Unarmed Combat
   826 | D:2      | Reached skill level 1 in Evocations
   826 | D:2      | Reached XP level 4. HP: 20/38 MP: 0/11
  1002 | D:2      | Reached skill level 1 in Conjurations
  1002 | D:2      | Reached skill level 1 in Hexes
  1002 | D:2      | Reached skill level 1 in Summonings
  1002 | D:2      | Reached skill level 1 in Necromancy
  1002 | D:2      | Reached skill level 1 in Translocations
  1002 | D:2      | Reached skill level 1 in Transmutations
  1002 | D:2      | Reached skill level 1 in Fire Magic
  1002 | D:2      | Reached skill level 1 in Ice Magic
  1002 | D:2      | Reached skill level 1 in Air Magic
  1002 | D:2      | Reached skill level 1 in Earth Magic
  1002 | D:2      | Reached skill level 1 in Poison Magic
  1484 | D:3      | Noticed Grinder
  1503 | D:3      | Killed Grinder
  1503 | D:3      | Reached XP level 5. HP: 31/43 MP: 2/12
  1503 | D:3      | Reached XP level 6. HP: 36/50 MP: 2/14
  1592 | D:3      | Reached skill level 5 in Fighting
  1592 | D:3      | Reached skill level 5 in Polearms
  1592 | D:3      | Reached skill level 5 in Dodging
  2363 | D:4      | Reached XP level 7. HP: 47/56 MP: 15/15
  2832 | D:5      | Entered Level 5 of the Dungeon
  2969 | D:5      | Found a glowing drain.
  2978 | Sewer    | Entered a sewer
  3072 | Sewer    | Noticed Purgy
  3082 | Sewer    | Killed Purgy
  3788 | D:5      | Got a slimy ring mail
  3799 | D:5      | Identified the +0 ring mail of Decompression {+Fly rCorr Int+3} (You found it on level 5 of the Dungeon)
  4153 | D:6      | Reached XP level 8. HP: 15/63 MP: 3/16
  4491 | D:6      | Found a staircase to the Ecumenical Temple.
  4643 | Temple   | Entered the Ecumenical Temple
  4696 | Temple   | Became a worshipper of Cheibriados the Contemplative
  4949 | D:7      | Found a shattered altar of Ashenzari.
  5063 | D:7      | Found an ancient bone altar of Kikubaaqudgha.
  5509 | D:7      | Noticed Menkaure
  5617 | D:7      | Reached XP level 9. HP: 51/69 MP: 5/18
  5639 | D:7      | Reached * piety under Cheibriados
  5781 | D:7      | Noticed Joseph
  5808 | D:7      | Killed Joseph
  6094 | D:7      | Killed Menkaure
  6094 | D:7      | Reached skill level 5 in Armour
  6240 | D:8      | Noticed Grum
  6255 | D:8      | Slain by a wolf

Vault maps used:
D:1:      eino_arrival_water_cross
D:2:      hangedman_abyss_or_decor_lesser_grid
D:3:      uniq_grinder
D:5:      portal_sewer_entry_a, first_ration
D:6:      minmay_temple_entry_glassed_door
D:7:      kiku_gazebo_garden_becter, cheibrodos_ashenzari_chains, uniq_joseph,
          uniq_menkaure
D:8:      uniq_grum
Temple:   regret_index_temple_sigil_plot
Sewer:    sewer_co_purgy_island

Skill      XL: |  1  2  3  4  5  6  7  8  9 |
---------------+----------------------------+-----
Spellcasting   | 5 6 |  6.6
Invocations    | 1 2 3 4 |  4.6
Short Blades   | 1 2 3 4 |  4.1
Long Blades    | 1 2 3 4 |  4.1
Axes           | 1 2 3 4 |  4.1
Maces & Flails | 1 2 3 4 |  4.1
Staves         | 1 2 3 4 |  4.1
Slings         | 1 2 3 4 |  4.1
Bows           | 1 2 3 4 |  4.1
Crossbows      | 1 2 3 4 |  4.1
Throwing       | 1 2 3 4 |  4.1
Stealth        | 1 2 3 4 |  4.1
Shields        | 1 2 3 4 |  4.1
Unarmed Combat | 1 2 3 4 |  4.1
Evocations     | 1 2 3 4 |  4.1
Conjurations   | 1 2 3 |  3.4
Hexes          | 1 2 3 |  3.4
Summonings     | 1 2 3 |  3.4
Necromancy     | 1 2 3 |  3.4
Translocations | 1 2 3 |  3.4
Transmutations | 1 2 3 |  3.4
Fire Magic     | 1 2 3 |  3.4
Ice Magic      | 1 2 3 |  3.4
Air Magic      | 1 2 3 |  3.4
Earth Magic    | 1 2 3 |  3.4
Poison Magic   | 1 2 3 |  3.4
Armour         | 3 4 5 |  5.0
Fighting       | 5 6 |  6.2
Polearms       | 5 6 |  6.2
Dodging        | 5 6 |  6.2
Charms         | 6 |  6.5

Action                   |  1- 3 |  4- 6 |  7- 9 || total
-------------------------+-------+-------+-------++-------
Melee: Spear             |   151 |   178 |   485 ||   814
       Bite              |    10 |    26 |    58 ||    94
       Punch             |     1 |     2 |     4 ||     7
 Cast: Infusion          |     2 |     1 |     2 ||     5
       Regeneration      |     1 |     7 |    15 ||    23
       Song of Slaying   |     1 |     2 |     4 ||     7
       Shroud of Golubri |       |     4 |    16 ||    20
       Spectral Weapon   |       |     5 |    18 ||    23
 Abil: Evoke Flight      |       |       |     5 ||     5
       Stop Flying       |       |       |     3 ||     3
  Use: Scroll            |       |       |    15 ||    15
       Potion            |       |       |     6 ||     6
 Stab: Sleeping          |     2 |     3 |     7 ||    12
       Distracted        |       |     1 |     8 ||     9
  Eat: Chunk             |       |     6 |    11 ||    17
       Ration            |       |       |     1 ||     1
Armor: Leather armour    |    37 |     5 |       ||    42
       Ring mail         |       |    22 |    68 ||    90
       Troll leather arm |       |       |     5 ||     5
Dodge: Dodged            |   106 |    93 |   289 ||   488

Table legend:
 A = Spawn XP
 B = Non-spawn XP
 C = Spawn XP percentage of total XP
 D = Spawn monster count
 E = Non-spawn monster count
 F = Spawn count percentage of total count
 G = Total turns spent on level
                    A         B        C        D         E        F      G
               +---------+---------+-------+---------+---------+-------+---------
         Total |       0 |    3361 |   0.0 |       0 |     162 |   0.0 |  6255
               +---------+---------+-------+---------+---------+-------+---------
           D:1 |       0 |      45 |   0.0 |       0 |      23 |   0.0 |   570
           D:2 |       0 |      99 |   0.0 |       0 |      28 |   0.0 |   845
           D:3 |       0 |     391 |   0.0 |       0 |      25 |   0.0 |   831
           D:4 |       0 |     129 |   0.0 |       0 |      14 |   0.0 |   586
           D:5 |       0 |     138 |   0.0 |       0 |      15 |   0.0 |   766
           D:6 |       0 |     750 |   0.0 |       0 |      24 |   0.0 |   709
           D:7 |       0 |    1664 |   0.0 |       0 |      24 |   0.0 |  1208
         Sewer |       0 |     145 |   0.0 |       0 |       9 |   0.0 |   370
               +---------+---------+-------+---------+---------+-------+---------
